Map: Prion Terraces

Players

LilDicky

  • Race: Terran Terran
  • League: Diamond

Minkyu - Winner!

  • Race: Terran Terran
  • League: Platinum

VOD

http://www.twitch.tv/tumescentpie

Description

Time

  • Played on: Nov. 27, 2015, 12:31 a.m.
  • Length: 20:36
Show
View Real Time Build Order
Export as new Build Order

LilDicky Terran 

Build Orders: Mech, Banshee Rush 

Get SALT Encoding   

  12  0:02  SCV  
  13  0:17  SCV, Supply Depot  
  14  0:30  SCV  
  14  0:33  Refinery  
  15  0:42  SCV  
  16  0:45  Barracks  
  16  0:54  SCV  
  17  1:15  SCV  
  18  1:23  Supply Depot  
  18  1:27  SCV  
  19  1:35  Marine  
  19  1:39  Factory  
  21  1:40  Orbital Command  
  21  1:43  Refinery  
  20  2:03  Marine  
  21  2:21  Marine  
  23  2:22  SCV  
  23  2:23  Factory Tech Lab  
  23  2:30  Starport  
  23  2:35  SCV  
  24  2:43  Supply Depot  
  24  2:47  SCV  
  24  2:50  Marine  
  25  2:53  Widow Mine  
  27  2:59  SCV  
  28  3:12  Supply Depot, Cloaking Field, Banshee  
  28  3:18  SCV, Marine  
  33  3:31  Widow Mine  
  33  3:32  SCV  
  36  3:43  Command Center  
  36  3:53  SCV  
  37  3:56  Banshee  
  37  3:59  Marine  
  41  4:13  SCV  
  41  4:14  Factory Tech Lab  
  42  4:21  Supply Depot  
  42  4:28  Marine  
  43  4:58  Siege Tank  
  46  5:10  Orbital Command  
  46  5:16  SCV, Refinery  
  46  5:18  Refinery  
  46  5:20  Command Center  
  45  5:28  SCV  
  45  5:30  Siege Tank  
  45  5:36  SCV  
  45  5:40  SCV  
  47  5:45  Starport Reactor  
  47  5:49  SCV  
  48  5:50  Marine  
  48  5:52  SCV  
  50  6:01  SCV  
  50  6:02  Factory x2  
  50  6:03  Factory  
  51  6:04  SCV  
  51  6:06  Siege Tank  
  55  6:13  SCV  
  55  6:14  Engineering Bay  
  55  6:16  SCV  
  56  6:24  Infernal Pre-Igniter  
  56  6:28  Combat Shields  
  56  6:30  Marine  
  57  6:38  Siege Tank  
  60  6:41  SCV x2  
  60  6:43  Planetary Fortress  
  62  6:58  SCV x2  
  62  6:59  Missile Turret x2  
  64  7:02  Factory Tech Lab  
  64  7:04  Factory Reactor  
  64  7:06  Factory Tech Lab  
  64  7:19  SCV  
  64  7:22  Refinery  
  65  7:23  Hellion  
  65  7:24  Missile Turret  
  65  7:29  Refinery  
  67  7:33  Hellion x2  
  67  7:36  SCV  
  70  7:43  Missile Turret  
  70  7:45  Hellion  
  70  7:46  Supply Depot  
  70  7:47  Hellion  
  74  7:53  Armory  
  74  7:57  Armory  
  74  7:58  SCV  
  75  7:59  SCV  
  75  8:00  SCV  
  75  8:05  Sensor Tower  
  77  8:10  SCV  
  77  8:11  SCV  
  79  8:13  SCV  
  80  8:29  Hellion  
  80  8:30  Hellion x3, Siege Tank, Sensor Tower  
  91  8:40  SCV  
  91  8:41  SCV  
  93  8:51  Supply Depot  
  93  8:52  Supply Depot  
  93  8:53  Terran Vehicle And Ship Armor Level 1, Terran Vehicle Weapons Level 1  
  93  8:56  Drilling Claws  
  93  9:03  Supply Depot  
  93  9:12  SCV, Viking x2  
  93  9:13  Hellion, Missile Turret  
  93  9:14  Hellion x2  
  93  9:15  Supply Depot  
  103  9:20  Hellion  
  103  9:21  Hellion  
  103  9:22  Supply Depot  
  107  9:27  SCV  
  107  9:29  Supply Depot  
  108  9:31  Supply Depot  
  108  9:33  SCV x2, Missile Turret  
  108  9:37  Hellion  
  112  9:42  Viking  
  114  9:50  SCV x3  
  117  9:54  Siege Tank  
  120  10:00  Thor  
  126  10:10  Supply Depot  
  126  10:23  SCV x3  
  129  10:35  Command Center, Supply Depot  
  129  10:37  Hellion x2, Siege Tank x2  
  129  10:40  Viking  
  141  10:42  Viking  
  141  10:47  Terran Vehicle Weapons Level 2  
  143  10:51  Terran Vehicle And Ship Armor Level 2, Missile Turret  
  135  11:18  Hellion x2, Siege Tank  
  135  11:19  Hellion, Siege Tank  
  135  11:24  Viking  
  145  11:35  Missile Turret  
  145  11:39  Thor  
  119  11:52  Hellion x2  
  123  11:57  Hellion x2  
  123  11:58  SCV x2  
  121  12:13  Hellion  
  121  12:14  Hellion  
  125  12:18  Siege Tank x2  
  125  12:21  Orbital Command  
  125  12:22  Thor, SCV  
  132  12:23  SCV x2  
  140  12:32  Supply Depot, Factory  
  140  12:33  Supply Depot, Factory  
  140  12:35  SCV  
  141  12:37  Refinery x2  
  141  12:41  Hellion  
  141  12:42  Hellion  
  141  12:43  Viking  
  147  13:02  Thor x2  
  159  13:17  Viking x2  
  163  13:22  Command Center  
  163  13:23  Starport  
  163  13:28  Factory Tech Lab x2  
  163  13:30  Terran Vehicle And Ship Armor Level 3  
  163  13:34  Terran Vehicle Weapons Level 3  
  156  14:01  Missile Turret  
  156  14:02  Missile Turret  
  156  14:03  Missile Turret  
  156  14:04  Missile Turret  
  156  14:07  SCV x4  
  135  14:47  Starport Tech Lab  
  135  14:49  Viking x2  
  139  15:03  Planetary Fortress  
  139  15:06  Missile Turret  
  137  15:19  Viking  
  132  15:29  Hellion x2, Siege Tank  
  132  15:33  Banshee  
  136  15:54  Hellion, Siege Tank  
  136  15:55  Hellion x2, Siege Tank  
  148  16:01  Siege Tank  
  143  16:09  Viking  
  143  16:10  Viking  
  140  16:16  Banshee, Hellion x2, Siege Tank, Starport  
  140  16:17  Starport  
  148  16:27  Siege Tank x2  
  154  16:33  Siege Tank  
  154  16:37  Hellion  
  154  16:38  Command Center, Supply Depot  
  134  16:48  Siege Tank  
  119  16:54  SCV x2  
  119  16:55  SCV  
  119  16:56  SCV  
  119  16:59  Banshee, Siege Tank x2  
  129  17:06  SCV x2  
  131  17:10  Starport Tech Lab x2  
  131  17:14  Fusion Core  
  131  17:23  SCV x4  
  135  17:34  Ghost Academy  
  135  17:35  SCV x2  
  135  17:36  SCV x2  
  139  17:37  Command Center  
  139  17:47  SCV  
  139  17:48  SCV x2  
  120  18:19  Banshee x3  
  126  18:22  Refinery  
  127  18:27  Refinery  
  127  18:28  Command Center  
  126  18:52  Planetary Fortress, Missile Turret  
  126  18:56  SCV x5  
  126  19:02  Banshee x3  
  121  19:24  Viking x2  
  111  19:45  Banshee x3  
  108  19:46  Hellion x3, Siege Tank x2  
  119  19:54  Viking x2, Orbital Command  
  118  20:08  Hellion  
  118  20:09  Hellion x3  
  123  20:20  SCV  
Show
View Real Time Build Order
Export as new Build Order

Minkyu Terran - Winner!

Build Orders: Mech 

Get SALT Encoding   

  12  0:01  SCV  
  13  0:13  SCV  
  14  0:18  Supply Depot  
  14  0:25  SCV  
  15  0:41  SCV  
  16  0:44  Barracks  
  16  0:53  SCV  
  17  1:05  SCV  
  18  1:17  SCV  
  19  1:32  Marine  
  20  1:33  Supply Depot  
  20  1:34  Orbital Command  
  20  1:45  Command Center  
  20  1:48  Refinery  
  20  1:52  Marine  
  21  1:59  SCV  
  22  2:03  Refinery  
  22  2:11  SCV  
  23  2:15  Marine  
  23  2:23  SCV  
  24  2:36  SCV  
  25  2:38  Marine  
  26  2:51  SCV, Factory  
  27  2:57  Orbital Command  
  27  2:59  Marine  
  27  3:03  SCV  
  29  3:15  SCV  
  30  3:23  Engineering Bay  
  30  3:27  SCV  
  30  3:31  Marine  
  30  3:33  Orbital Command  
  32  3:36  Starport  
  32  3:38  Factory Tech Lab  
  32  3:42  SCV, Supply Depot  
  33  3:55  SCV, Missile Turret  
  34  3:58  Marine  
  34  3:59  Siege Tank  
  34  4:00  Missile Turret  
  38  4:09  SCV  
  39  4:11  SCV  
  40  4:19  Viking  
  40  4:21  SCV  
  40  4:23  SCV  
  44  4:33  SCV  
  44  4:35  SCV  
  44  4:38  Marine  
  44  4:45  SCV  
  43  4:58  SCV  
  44  5:01  Siege Tank  
  44  5:03  Missile Turret  
  44  5:04  SCV  
  44  5:06  Starport Reactor  
  48  5:07  Factory  
  48  5:10  Supply Depot  
  48  5:11  SCV  
  49  5:15  Command Center  
  43  5:29  Refinery  
  43  5:30  SCV, Refinery  
  43  5:31  SCV  
  45  5:36  Siege Tank  
  45  5:42  SCV  
  49  5:43  SCV  
  50  5:54  SCV  
  50  5:55  SCV  
  52  6:06  SCV  
  52  6:08  Siege Tank  
  52  6:09  Starport Reactor  
  60  6:18  Hellion x2  
  60  6:20  SCV  
  60  6:21  SCV  
  60  6:25  Supply Depot, Armory  
  62  6:27  Orbital Command  
  61  6:43  Barracks Tech Lab, Siege Tank, Hellion x2  
  61  6:45  SCV  
  69  6:52  Viking x2  
  73  6:56  Orbital Command  
  73  7:04  Hellion x2  
  73  7:06  SCV  
  78  7:14  Supply Depot  
  81  7:15  Siege Tank  
  81  7:17  SCV  
  81  7:18  SCV  
  83  7:27  Factory  
  81  7:30  SCV  
  82  7:45  Viking x2  
  82  7:47  Hellion x2  
  82  7:48  Siege Tank  
  93  7:55  Supply Depot  
  93  7:56  Supply Depot  
  93  7:59  Supply Depot  
  93  8:01  Infernal Pre-Igniter  
  93  8:04  Sensor Tower  
  93  8:17  SCV x3  
  88  8:21  Hellion x2  
  90  8:29  SCV, Viking  
  90  8:30  Supply Depot, Viking  
  90  8:32  Terran Vehicle Weapons Level 1  
  95  8:41  SCV  
  95  8:46  Command Center  
  96  8:48  Refinery  
  96  8:51  Hellion x2, Siege Tank  
  96  8:52  Refinery  
  96  8:53  SCV  
  104  8:55  SCV  
  104  8:56  Factory  
  104  8:58  SCV  
  106  9:05  SCV  
  107  9:10  SCV  
  107  9:12  Supply Depot  
  108  9:17  SCV  
  108  9:21  Hellion x2, Viking  
  108  9:22  Viking  
  108  9:23  Siege Tank  
  120  9:29  SCV  
  120  9:30  SCV  
  122  9:41  Siege Tank  
  122  9:42  Barracks Tech Lab  
  122  9:44  Supply Depot  
  125  9:52  Hellion x2  
  129  9:59  Orbital Command  
  129  10:01  Starport  
  129  10:02  Supply Depot  
  129  10:03  Armory  
  129  10:05  Supply Depot, SCV  
  131  10:07  SCV  
  131  10:17  SCV  
  131  10:19  SCV  
  133  10:30  Hellion x2, Siege Tank  
  133  10:31  Factory Tech Lab, Siege Tank, SCV  
  144  10:36  Factory  
  144  10:42  Sensor Tower  
  143  10:55  Hellion x2  
  143  10:56  Siege Tank  
  131  11:19  SCV  
  131  11:21  SCV  
  131  11:24  SCV x2  
  135  11:31  SCV  
  136  11:33  SCV  
  136  11:36  SCV  
  138  11:43  SCV  
  124  11:55  Viking x2  
  124  11:57  Thor  
  124  11:58  Thor  
  124  11:59  Thor  
  149  12:01  Siege Tank  
  149  12:02  Hellion x2  
  146  12:22  SCV  
  147  12:32  Terran Vehicle Weapons Level 2, Hellion x2  
  147  12:33  Siege Tank  
  154  12:41  Siege Tank x2  
  160  12:54  SCV  
  161  13:09  SCV  
  161  13:10  Hellion x2  
  161  13:11  Siege Tank x2  
  161  13:12  Starport Tech Lab  
  172  13:15  Supply Depot  
  172  13:20  Supply Depot x2  
  172  13:25  Orbital Command  
  172  13:36  Siege Tank  
  155  14:04  Siege Tank x3  
  155  14:05  Hellion x2  
  155  14:09  Hellion  
  152  14:24  Viking x2  
  151  14:38  Raven  
  147  14:39  Supply Depot  
  147  14:43  Siege Tank x4  
  147  14:44  Hellion x2  
  165  14:54  Viking x2  
  166  15:18  SCV  
  166  15:20  SCV  
  168  15:24  Viking x2  
  168  15:27  Siege Tank x3  
  168  15:28  Hellion x2, Siege Tank  
  186  15:30  SCV  
  186  15:32  SCV  
  186  15:33  Missile Turret  
  186  15:37  Refinery  
  186  15:38  Refinery  
  164  16:14  Thor x3  
  182  16:25  Command Center  
  182  16:29  Command Center  
  182  16:35  Thor  
  182  16:36  Hellion x2  
  192  16:44  Viking x3  
  198  16:57  Hellion  
  197  17:23  Raven  
  186  17:59  Hellion x5  
  194  18:06  Banshee  
  180  18:20  Hellion  
  180  18:21  Hellion, Siege Tank x3  
  180  18:22  Thor  
  180  18:23  SCV  
  173  19:47  Siege Tank x4  
  179  19:58  Hellion x2  
Tags
 
Add a new tag
Caveats
  • Supply blocks, unpowered buildings, or Contaminate may cause inaccurate times.
  • Supply counts are checked every 10 seconds.